 Dungeon Crawl Stone Soup version 0.23.2-33-g5129a83184 (webtiles) character file.

Game seed: 15456467717741162343

48 DildoBatman the Magician (level 4, 0/30 HPs)
             Began as a Formicid Wizard on July 12, 2019.
             Slain by a jackal (2 damage)
             ... on level 2 of the Dungeon.
             The game lasted 00:02:30 (1215 turns).

DildoBatman the Magician (Formicid Wizard)          Turns: 1215, Time: 00:02:31

Health: 0/30       AC:  2    Str: 12    XL:     4   Next: 0%
Magic:  3/8        EV: 12    Int: 18    God:
Gold:   78         SH:  0    Dex:  9    Spells: 2/9 levels left

rFire    . . .     SeeInvis +   e - +0 club
rCold    . . .     Gourm    .   (no shield)
rNeg     . . .     Faith    .   a - +0 robe
rPois    .         Spirit   .   (helmet unavailable)
rElec    .         Reflect  .   (no cloak)
rCorr    .         Harm     .   (no gloves)
MR       .....                  (no boots)
Stlth    ++........             (no amulet)
HPRegen  0.10/turn              (no ring)
MPRegen  0.11/turn              (no ring)

@: no status effects
A: permanent stasis, dig shafts and tunnels, four strong arms, antennae 3
a: Dig, Shaft Self


You were on level 2 of the Dungeon.
You were not hungry.

You visited 1 branch of the dungeon, and saw 2 of its levels.

You collected 78 gold pieces.

Inventory:

Hand Weapons
 e - a +0 club (weapon)
Missiles
 g - 8 tomahawks (quivered)
 k - 15 stones
Armour
 a - a +0 robe (worn)
Jewellery
 i - an uncursed amulet of the gourmand {unknown}
 m - a cursed ring of attention {unknown}
Scrolls
 f - a scroll of identify {unknown}
 h - a scroll of magic mapping {unknown}
 j - a scroll of teleportation {unknown}
 l - a scroll of amnesia {unknown}
Potions
 b - 2 potions of cancellation {unknown}
 c - a potion of curing {unknown}
Comestibles
 d - 5 chunks of flesh
 v - 3 rations


   Skills:
 - Level 1.7 Dodging
 - Level 2.4 Stealth
 - Level 3.2 Spellcasting
 * Level 3.1 Conjurations
   Level 1.0 Summonings
   Level 0.8 Translocations


You had 2 spell levels left.
You knew the following spells:

 Your Spells              Type           Power        Failure   Level  Hunger
a - Conjure Flame         Conj/Fire      #.......     26%         3    ###....
c - Magic Dart            Conj           ##..         4%          1    None
e - Mephitic Cloud        Conj/Pois/Air  #.......     30%         3    ###....

Your spell library contained the following spells:

 Spells                   Type           Power        Failure   Level  Hunger
 Call Imp                 Summ           #.......     16%         2    ##.....
 Slow                     Hex            #.......     24%         2    ##.....
 Blink                    Tloc           Unusable     N/A         2    N/A

Dungeon Overview and Level Annotations

Branches:
Dungeon (2/15)

Altars:


Innate Abilities, Weirdness & Mutations

You cannot be hasted, slowed, berserked, paralysed or teleported.
You can dig through walls and to a lower floor.
Your four strong arms can wield two-handed weapons with a shield.
You have a pair of large antennae on your head. (SInv)


Message History

Anything else - Cancel.
You shout for attention!
The jackal bites you. x2
What are your orders? t - Shout!
Orders for allies: a - Attack new target. r - Retreat! s - Stop attacking. g - Guard the area. f - Follow me.
Anything else - Cancel.
You shout for attention!
The jackal bites you. What are your orders? t - Shout!
Orders for allies: a - Attack new target. r - Retreat! s - Stop attacking. g - Guard the area. f - Follow me.
Anything else - Cancel.
You shout for attention!
The jackal bites you.
You die...

##.......(..# ..
............# #..
............# #.# .#
#..........# #.## .#
#..........#..
##..###.###...........<.
..........#.....h...#
..........# #@#
..........# #†#
..........###+##'##
.....)............#
..................#
..................#
..................+
...##..#÷.........##
...###..............#


You could see a jackal.

Vanquished Creatures
  An adder (D:2)
  2 dart slugs (D:1)
  A leopard gecko (D:1)
  A ball python (D:2)
  3 bats
  A giant cockroach (D:2)
  4 goblins (D:1)
  3 hobgoblins
  7 jackals
  3 kobolds
  2 frilled lizards (D:2)
  A rat (D:1)
29 creatures vanquished.

Notes
Turn   | Place    | Note
-------+----------+-------------------------------------------
     0 | D:1      | DildoBatman the Formicid Wizard began the quest for the
                  | Orb.
     0 | D:1      | Reached XP level 1. HP: 13/13 MP: 4/4
   108 | D:1      | Reached skill level 1 in Conjurations
   286 | D:1      | Reached XP level 2. HP: 12/19 MP: 0/6
   693 | D:1      | Reached XP level 3. HP: 24/24 MP: 3/7
  1135 | D:2      | Learned a level 3 spell: Conjure Flame
  1139 | D:2      | Learned a level 3 spell: Mephitic Cloud
  1187 | D:2      | Reached XP level 4. HP: 16/30 MP: 0/8
  1215 | D:2      | Slain by a jackal

Skill      XL: |  1  2  3 |
---------------+----------+-----
Conjurations   | 1 2 3 |  3.1
Dodging        | |  1.7
Stealth        | |  2.4
Spellcasting   | |  3.2
Summonings     | |  1.0
Translocations | |  0.8

Action                   |  1- 3 |  4- 6 || total
-------------------------+-------+-------++-------
Melee: Club              |     5 |       ||     5
 Cast: Magic Dart        |    73 |     1 ||    74
  Eat: Chunk             |     1 |       ||     1
Armor: Robe              |     2 |     2 ||     4
Dodge: Dodged            |    16 |    10 ||    26
